 Dungeon Crawl Stone Soup version 0.32-a0-649-gd0e5102 (webtiles) character file.

Game seed: 4583458544551276874

65 Meow the Conjurer (level 4, 29/36 HPs)
             Began as a Naga Conjurer on Mar 8, 2024.
             Quit the game on level 2 of the Dungeon.
             The game lasted 00:03:51 (1317 turns).

Meow the Conjurer (Naga Conjurer)                   Turns: 1317, Time: 00:03:51

Health: 29/36      AC:  2    Str: 10    XL:     4   Next: 14%
Magic:  2/7        EV: 10    Int: 20    God:
Gold:   86         SH:  0    Dex:  9    Spells: 5/8 levels left

rFire   . . .        c - +0 whip
rCold   . . .        (no shield)
rNeg    + . .        a - +0 robe
rPois   +            (no helmet)
rElec   .            (no cloak)
rCorr   .            (no gloves)
SInv    +            (no barding)
Will    .....        (no amulet)
Stlth   ++           f - ring of positive energy
HPRegen 0.26/turn    (no ring)
MPRegen 0.10/turn

%: no passive effects
@: short of breath, very slow
A: AC +1, large, see invisible, deformed body, poison resistance, slowness 2,
spit poison 1, naga tail 1
a: Spit Poison


You were on level 2 of the Dungeon.
You visited 1 branch of the dungeon, and saw 2 of its levels.

You collected 86 gold pieces.

Inventory:

Hand Weapons
 c - a +0 whip (weapon)
Missiles
 h - 22 stones
 i - 2 poisoned darts
Armour
 a - a +0 robe (worn)
 m - the +5 ring mail "Luif" {rElec Dex+2}
   (You found it on level 2 of the Dungeon)

   Dex+2:     It affects your dexterity (+2).
   rElec:     It insulates you from electricity.
Jewellery
 f - a ring of positive energy (left hand)
Talismans
 o - a maw talisman
Scrolls
 d - a scroll of brand weapon {unknown}
 e - 2 scrolls of identify {unknown}
 g - a scroll of teleportation {unknown}
 k - a scroll of vulnerability {unknown}
 p - a scroll of fear {unknown}
Potions
 b - a potion of magic
 j - a potion of cancellation {unknown}
 l - a potion of curing {unknown}
 n - a potion of might {unknown}


   Skills:
 + Level 2.2 Dodging
 + Level 4.2 Stealth
 + Level 2.5 Spellcasting
 + Level 4.4 Conjurations


You had 5 spell levels left.
You knew the following spells:

 Your Spells              Type           Power      Damage    Failure   Level
a - Magic Dart            Conj           80%        1d7       2%          1
b - Searing Ray           Conj           40%        2d5       3%          2

Your spell library contained the following spells:

 Spells                   Type           Power      Damage    Failure   Level
 Fulminant Prism          Conj/Alch      5%         3d6       52%         4
 Iskenderun's Mystic Bla  Conj/Tloc      11%        2d4       52%         4


Dungeon Overview and Level Annotations

Branches:
Dungeon (2/15)

Altars:


Innate Abilities, Weirdness & Mutations

Your serpentine skin is tough. (AC +1)
You have supernaturally acute eyesight. (SInv)
Armour fits poorly on your strangely shaped body.
Your system is resistant to poisons. (rPois)
You cover ground very slowly.
You can spit poison.
You have a snake-like lower body.


Message History

Aiming: Searing Ray (safe; 4% risk of failure)
Press: ? - help, Shift-Dir - straight line, f/p - adder
Aim: an adder (heavily wounded, 63% to hit)
The searing ray hits the adder!
You kill the adder! (Press . to maintain the ray.) Unknown command.
You start resting.
You have got your breath back.
You start resting.
Magic restored.
Found a stone staircase leading down.
An iguana and a rat come into view.
Aiming: Spit Poison (2% risk of failure)
Press: ? - help, Shift-Dir - straight line, f - iguana
Aim: an iguana (asleep, 100% to hit)
The splash of poison hits the iguana.
The iguana is poisoned.
The iguana is moderately wounded.
The iguana hisses angrily.
Unknown command.
Casting: Searing Ray (safe; 3% risk of failure)
Confirm with . or Enter, or press ? or * to list all spells.
Aiming: Searing Ray (safe; 3% risk of failure)
Press: ? - help, Shift-Dir - straight line, p - iguana The searing ray hits the iguana.
The iguana is heavily wounded. (Press . to maintain the ray.) Unknown command.
The searing ray hits the iguana.
The iguana is severely wounded.
The searing ray hits the rat.
You kill the rat!
The iguana bites you.
The searing ray hits the iguana.
The iguana is almost dead.
You kill the iguana!
Your Stealth skill increases to level 4!
You have reached level 4!
You feel stronger.
Are you sure you want to abandon this character and quit the game? (Confirm with "yes".)

..[# #...# ##.
.K........# .###
#...# ..###########
## #...# . #
###...# #.....#
#####.#####
#.......#####
............#######
#.##.)..........@.#
#.##....###.#####.#
#.###....##.# .#
#........##.# .#
######.#.##.# .#
#......# .#
###.#### .# #...).#
.. #>....#


There were no monsters in sight!

Vanquished Creatures
  An iguana (D:2)
  An adder (D:2)
  4 bats
  4 endoplasms
  2 giant cockroaches (D:1)
  3 goblins
  4 kobolds
  A quokka (D:2)
  4 ball pythons
  2 frilled lizards
  5 rats
31 creatures vanquished.

Notes
Turn   | Place    | Note
-------+----------+-------------------------------------------
     0 | D:1      | Meow the Naga Conjurer began the quest for the Orb.
     0 | D:1      | Reached XP level 1. HP: 15/15 MP: 3/3
   163 | D:1      | Reached XP level 2. HP: 22/22 MP: 3/5
   166 | D:1      | Learned a level 2 spell: Searing Ray
   553 | D:1      | Found a faded altar of an unknown god.
   956 | D:2      | Identified the +5 ring mail "Luif" {rElec Dex+2}
   989 | D:2      | Reached XP level 3. HP: 28/28 MP: 4/6
  1317 | D:2      | Reached XP level 4. HP: 29/36 MP: 2/7
  1317 | D:2      | Quit the game

Illustrated notes

Levels and vault maps discovered:
D:1:      mainiacjoe_arrival_reflecting_pool, layout_loops_cross,
          shapermc_ecumenical_altar_venn
D:2:      layout_loops_cross

Skill      XL: |  1  2  3 |
---------------+----------+-----
Dodging        | 2 |  2.2
Stealth        | 4 |  4.2
Spellcasting   | |  2.5
Conjurations   | |  4.4

Action                     |  1- 3 |  4- 6 || total
---------------------------+-------+-------++-------
   Cast: Magic Dart        |    34 |       ||    34
         Searing Ray       |     4 |       ||     4
Ability: Spit Poison       |    13 |       ||    13
 Armour: Robe              |     4 |       ||     4
  Dodge: Dodged            |     2 |       ||     2

Table legend: (Time is in decaauts)
 A = Elapsed time spent in this place.
 B = Non-inter-level travel time spent in this place.
 C = Inter-level travel time spent in this place.
 D = Time resting spent in this place.
 E = Time spent auto-exploring this place.
 F = Levels seen in this place.
 G = Mean time per level.
                   A        B        C        D        E       F      G
               +--------+--------+--------+--------+--------+-----+--------+
         Total |   1663 |   1630 |     33 |    357 |   1115 |   2 |  831.5 |
       Dungeon |   1663 |   1630 |     33 |    357 |   1115 |   2 |  831.5 |
               +--------+--------+--------+--------+--------+-----+--------+

Top non-repeatable levels by time:
     D:1: 1163 daAuts
     D:2: 500 daAuts
